 Dungeon Crawl Stone Soup version 0.19-a0-1153-g63c3caf (webtiles) character file.

2967 TRIGGERED the Carver (level 9, -3/74 HPs)
             Began as a Mummy Berserker on Aug 13, 2016.
             Was an Elder of Trog.
             Slain by a yak (6 damage)
             ... on level 8 of the Dungeon.
             The game lasted 00:22:30 (11364 turns).

TRIGGERED the Carver (Mummy Berserker)             Turns: 11364, Time: 00:22:31

Health: -3/74      AC: 12    Str: 20    XL:     9   Next: 52%
Magic:  0/9        EV:  6    Int:  6    God:    Trog [****..]
Gold:   407        SH:  3    Dex: 15    Spells: 0 memorised, 8 levels left

rFire  x . .     SeeInvis .     a - +0 falchion
rCold  + . .     Gourm    .     u - +0 plate armour
rNeg   + + +     Faith    .     f - +0 buckler
rPois  ∞         Spirit   +     (no helmet)
rElec  .         Dismiss  .     (no cloak)
rCorr  .         Reflect  .     (no gloves)
MR     +....     Harm     .     d - +0 pair of boots
Stlth  ..........               m - amulet of guardian spirit
                                (no ring)
                                (no ring)

@: no status effects
A: no food or potions, fire vulnerability, cold resistance 1, negative energy
resistance 3, torment resistance, unbreathing
a: Trog's Hand, Brothers in Arms, Burn Spellbooks, Renounce Religion


You were on level 8 of the Dungeon.
You worshipped Trog.
Trog was greatly pleased with you.
You were not hungry.

You visited 1 branch of the dungeon, and saw 9 of its levels.

You collected 515 gold pieces.
You spent 108 gold pieces at shops.

Inventory:

Hand Weapons
 a - a +0 falchion (weapon)
 b - a +0 blowgun
Missiles
 i - 4 curare-tipped needles
 k - 21 poisoned needles
Armour
 d - a +0 pair of boots (worn)
 f - a +0 buckler (worn)
 u - a +0 plate armour (worn)
Jewellery
 m - an amulet of guardian spirit (around neck)
Wands
 n - a wand of random effects (26/48)
 r - a wand of acid (6/15)
 w - a wand of enslavement (8/24)
Scrolls
 c - 5 scrolls of blinking
 e - 4 scrolls of remove curse
 g - 3 scrolls of recharging
 h - 2 scrolls of fog
 j - 4 scrolls of enchant armour
 o - a scroll of torment
 q - a scroll of enchant weapon
 s - a scroll of magic mapping
 v - 2 scrolls of immolation {!r}
Books
 l - a book of Conjurations

   Spells                             Type                      Level
   a - Magic Dart                     Conjuration                  1
   b - Searing Ray                    Conjuration                  2
   c - Dazzling Spray                 Conjuration/Hexes            3
   d - Fulminant Prism                Conjuration/Hexes            4
   e - Iskenderun's Mystic Blast      Conjuration                  4
   f - Iskenderun's Battlesphere      Conjuration/Charms           5
   Trog disapproves of the use of such an item.
 p - a book of Death

   Spells                             Type                      Level
   a - Corpse Rot                     Necromancy                   2
   b - Sublimation of Blood           Necromancy                   2
   c - Agony                          Necromancy                   5
   d - Dispel Undead                  Necromancy                   5
   e - Excruciating Wounds            Charms/Necromancy            5
   f - Bolt of Draining               Conjuration/Necromancy       5
   Trog disapproves of the use of such an item.
 t - a book of the Warp

   Spells                             Type                      Level
   a - Recall                         Summoning/Translocation      3
   b - Gell's Gravitas                Hexes/Translocation          3
   c - Force Lance                    Conjuration/Translocation    4
   d - Warp Weapon                    Charms/Translocation         5
   e - Summon Forest                  Summoning/Translocation      5
   Trog disapproves of the use of such an item.


   Skills:
 + Level 8.0 Fighting
 * Level 9.1 Long Blades
 - Level 2.6 Armour
 - Level 2.6 Dodging


You had 8 spell levels left.
You didn't know any spells.

Dungeon Overview and Level Annotations

Branches:
Dungeon (9/15)             Temple (0/1) D:4
   Lair: D:8-11         Orc: D:9-12

Altars:
Ashenzari
Cheibriados
Dithmenos
Hepliaklqana
Kikubaaqudgha
Nemelex Xobeh
Xom
Zin

Shops:
D:4 *


Innate Abilities, Weirdness & Mutations

You do not eat or drink.
Your flesh is vulnerable to fire.
You are immune to poison.
Your flesh is cold resistant. (rC+)
You are immune to negative energy. (rN+++)
You are immune to unholy pain and torment.
You can survive without breathing.


Message History

The wyvern bites butt.
* * * LOW HITPOINT WARNING * * *
The yak gores you.
* * * LOW HITPOINT BUTT * * *
The wyvern bites you.
* * * LOW BUTT WARNING * * *
The yak gores you but does no damage.
The wyvern bites you but does no damage.
The wyvern bites you!
* * * LOW HITPOINT WARNING * * *
Butt which item? (* to show all) (? for menu, Esc to quit)
Zapping:
w - a wand of enslavement {zapped: 8} (will waste charges)
Press: ? - help, Shift-Dir - straight line, f/p - wyvern
Aim: a wyvern (butt-ly wounded, chance to defeat MR: 46%)
The wyvern resists with some effort.
Evoking this partially-identified wand wasted a few charges.
The wyvern bites you.
* * * LOW HITPOINT WARNING * * *
The yak gores you!
You die...

.......# ......# #####
......# ##...## .....#
##...>.## .....#
##.......# ..#.##
##........# ##..#
##.........# #..##
##.lY......## #..###
##.@Y.......# .....###
#..........?#
.......##
##.........##
.......[# ##.......##
........# ###........#
........#
###...##...###
.......####...########
.......##...###
...........##


You could see 2 yaks and a wyvern.

Vanquished Creatures
  The ghost of tijit the Magician, a novice HuWn (D:4)
  A yak (D:9)
  A water moccasin (D:6)
  2 sky beasts
  Duvessa (D:4)
  An ogre (D:7)
  A phantom (D:4)
  2 centaurs
  A big kobold (D:9)
  3 giant frogs (D:6)
  Dowan (D:4)
  2 scorpions (D:4)
  5 killer bees
  3 crimson imps
  A giant frog zombie (D:5)
  4 hounds
  2 jellies
  8 orc priests
  A giant frog skeleton (D:7)
  Natasha (D:3)
  2 iguanas (D:9)
  2 orc wizards (D:7)
  7 worker ants
  3 gnolls (D:9)
  14 adders
  A shadow imp (D:8)
  4 oozes
  An adder skeleton (D:4)
  2 worms
  2 dart slugs
  9 giant geckos
  23 orcs
  10 bats
  3 giant cockroaches
  6 goblins
  8 hobgoblins
  10 jackals
  15 kobolds
  3 quokkas
  3 giant newts (D:2)
  A quokka skeleton (D:5)
  8 rats
179 creatures vanquished.

Notes
Turn   | Place    | Note
-------+----------+-------------------------------------------
     0 | D:1      | TRIGGERED the Mummy Berserker began the quest for the Orb.
     0 | D:1      | Reached XP level 1. HP: 18/18 MP: 1/1
   847 | D:1      | Reached XP level 2. HP: 5/24 MP: 2/2
  1934 | D:2      | Found an ancient bone altar of Kikubaaqudgha.
  1985 | D:2      | Reached XP level 3. HP: 23/29 MP: 3/3
  2295 | D:2      | Reached XP level 4. HP: 35/35 MP: 4/4
  2699 | D:2      | Reached ** piety under Trog
  2792 | D:3      | Reached skill level 3 in Long Blades
  3209 | D:3      | Reached XP level 5. HP: 39/42 MP: 5/5
  3696 | D:3      | Found a shattered altar of Ashenzari.
  3842 | D:4      | Found Soorgh's General Store.
  3851 | D:4      | Bought a scroll of fear for 42 gold pieces
  3851 | D:4      | Bought a scroll of identify for 24 gold pieces
  3851 | D:4      | Bought a scroll of magic mapping for 42 gold pieces
  3906 | D:4      | Noticed tijit's ghost (novice HuWn)
  3909 | D:4      | Noticed Natasha
  3959 | D:3      | Killed Natasha
  4004 | D:3      | Reached XP level 6. HP: 42/48 MP: 6/6
  4228 | D:4      | Killed tijit's ghost
  4228 | D:4      | Reached skill level 4 in Long Blades
  4228 | D:4      | Reached XP level 7. HP: 22/55 MP: 5/7
  4428 | D:4      | Found a staircase to the Ecumenical Temple.
  4471 | D:4      | Found a shadowy altar of Dithmenos.
  4524 | D:4      | Reached skill level 5 in Fighting
  4524 | D:4      | Reached skill level 5 in Long Blades
  4623 | D:4      | Noticed Duvessa
  4676 | D:4      | Killed Duvessa
  4690 | D:4      | Noticed Dowan
  5448 | D:4      | Killed Dowan
  5611 | D:5      | Entered Level 5 of the Dungeon
  5639 | D:5      | Reached *** piety under Trog
  5711 | D:5      | Reached skill level 6 in Long Blades
  6081 | D:5      | Reached XP level 8. HP: 48/64 MP: 6/8
  6502 | D:6      | Reached skill level 7 in Long Blades
  7621 | D:6      | Found a sparkling altar of Nemelex Xobeh.
  7624 | D:6      | Found a hazy altar of Hepliaklqana.
  7625 | D:6      | Found a glowing silver altar of Zin.
  7941 | D:7      | Found a shimmering altar of Xom.
  8452 | D:7      | Reached skill level 8 in Long Blades
  8544 | D:8      | Reached XP level 9. HP: 69/72 MP: 7/9
 10033 | D:8      | Noticed a red ugly thing
 10540 | D:9      | Found a snail-covered altar of Cheibriados.
 10573 | D:9      | Reached **** piety under Trog
 10823 | D:9      | Reached skill level 9 in Long Blades
 11346 | D:9      | Noticed a skeletal warrior
 11362 | D:8      | HP: 6/74 [wyvern (10)]
 11364 | D:8      | Slain by a yak

Vault maps used:
D:1:      nicolae_arrival_memento_mori, dk_noncrumbling_4
D:2:      kiku_gazebo_garden_becter, hangedman_abyss_or_decor_stabs,
          minmay_misc_feat_square
D:3:      marbit_many_paths
D:4:      first_bread, serial_shops, nicolae_shop_crystal,
          nicolae_dithmenos_through_a_glass_darkly, uniq_duvessa, uniq_natasha
D:6:      nicolae_overflow_hidden_temple
D:7:      basic_altar
D:8:      basic_altar
D:9:      lemuel_crystal_altar

Skill      XL: |  1  2  3  4  5  6  7  8  9 |
---------------+----------------------------+-----
Armour         | 2 |  2.6
Dodging        | 2 |  2.6
Long Blades    | 3 4 6 8 9 |  9.1
Fighting       | 4 5 7 8 |  8.0

Action                   |  1- 3 |  4- 6 |  7- 9 || total
-------------------------+-------+-------+-------++-------
Melee: Falchion          |   133 |   405 |   864 ||  1402
 Fire: Blowgun           |       |       |    17 ||    17
Invok: Trog's Hand       |       |     1 |     3 ||     4
Evoke: Wand              |       |       |     5 ||     5
  Use: Scroll            |       |     7 |     9 ||    16
 Stab: Sleeping          |     1 |       |       ||     1
Armor: Animal skin       |    16 |       |       ||    16
       Chain mail        |       |   151 |    65 ||   216
       Ring mail         |       |    22 |       ||    22
       Plate armour      |       |       |   382 ||   382
Dodge: Dodged            |    56 |   122 |   223 ||   401
Block: Buckler           |     6 |    45 |   115 ||   166
